 Dungeon Crawl Stone Soup version 0.26-a0-1147-g3780a7a11b (webtiles) character file.

Game seed: 13955184337177139053

380 lmSkywalker the Insei (level 6, 0/70 HPs)
             Began as a Merfolk Transmuter on Dec 22, 2020.
             Succumbed to an orc wizard's poison
             ... on level 5 of the Dungeon.
             The game lasted 00:28:06 (6193 turns).

lmSkywalker the Insei (Merfolk Transmuter)          Turns: 6193, Time: 00:28:07

Health: 0/70       AC:  9    Str: 10    XL:     6   Next: 75%
Magic:  9/9        EV: 14    Int: 14    God:
Gold:   196        SH:  5    Dex: 15    Spells: 3/9 levels left

rFire    . . .     SeeInvis .   A - +1 whip (elec)
rCold    . . .     Faith    .   (no shield)
rNeg     . . .     Spirit   .   c - +0 leather armour
rPois    .         Reflect  +   (no helmet)
rElec    .         Harm     .   y - +1 cloak
rCorr    .         Rampage  .   (no gloves)
Will     .....                  (no boots)
Stlth    ..........             x - amulet of reflection
HPRegen  0.21/turn              n - +4 ring of protection
MPRegen  0.11/turn              (no ring)

@: mighty, berserking, lethally poisoned (0 -> -7), hasted, very quick
A: change form in water, swift swim, stealthy swim
a: no special abilities


You were on level 5 of the Dungeon.
You visited 1 branch of the dungeon, and saw 6 of its levels.

You collected 196 gold pieces.

Inventory:

Hand Weapons
 l - a +0 hunting sling
 A - a +1 whip of electrocution (weapon)
Missiles
 b - 3 curare-tipped darts
 e - 136 stones (quivered)
 g - 18 poisoned darts
Armour
 a - a +0 robe
 c - a +0 leather armour (worn)
 j - a +0 ring mail
 y - a +1 cloak (worn)
Jewellery
 n - a +4 ring of protection (left hand)
 x - an amulet of reflection (around neck)
Wands
 u - a wand of iceblast (13)
 w - a wand of random effects (8)
Scrolls
 d - a scroll of identify
 f - 2 scrolls of remove curse
 o - a scroll of amnesia {unknown}
 p - a scroll of teleportation
 q - a scroll of magic mapping {unknown}
 s - a scroll of noise {unknown}
 t - a scroll of fear {unknown}
 v - a scroll of enchant armour
Potions
 i - 2 potions of flight
 k - 2 potions of cancellation
 m - a potion of might
 r - a potion of degeneration {unknown}
 z - a potion of haste
 B - a potion of berserk rage


   Skills:
 - Level 3.2 Fighting
 + Level 4.3 Dodging
 - Level 2.0 Stealth
 + Level 5.1 Unarmed Combat
 - Level 2.0 Spellcasting
 - Level 4.1 Transmutations
 + Level 2.4 Poison Magic


You had 3 spell levels left.
You knew the following spells:

 Your Spells              Type           Power        Failure   Level
a - Beastly Appendage     Tmut           26%          6%          1
b - Wereblood             Tmut           13%          9%          2
c - Spider Form           Tmut/Pois      5%           26%         3

Your spell library contained the following spells:

 Spells                   Type           Power        Failure   Level
 Ice Form                 Ice/Tmut       7%           80%         4
 Blade Hands              Tmut           6%           85%         5


Dungeon Overview and Level Annotations

Branches:
Dungeon (6/15)
 Temple: D:4-7

Altars:


Message History

Reactivating autopickup.
You feel a bit more experienced.
* * * LOW HITPOINT WARNING * * *
You feel sick. The orc misses you.
It was a potion of might.
You feel very mighty all of a sudden.
* * * LOW HITPOINT WARNING * * *
You feel sick.
It was a potion of berserk rage.
A red film seems to cover your vision as you go berserk!
You feel yourself moving faster!
You feel mighty!
* * * LOW HITPOINT WARNING * * *
You feel sick. The orc barely misses you.
You closely miss the orc. You whack the orc!
You kill the orc!
* * * LOW HITPOINT WARNING * * *
You feel sick.
You are too berserk!
You die...

... .# .... .. (.. #.# ..
..# #. #.##### #.###..#...#
#.....##>..# #...###†..#
###.#.#.@...#
#...#.#)#...######...
#########.##....#...#......#
......................####.#
..........####.########
.#####...## #.# #.(.# #.#
.....# #.# ..#...# #.#


There were no monsters in sight!

Vanquished Creatures
  A bullfrog (D:4)
  A jelly (D:5)
  An orc wizard (D:5)
  Natasha (thrice) (D:2)
  A worker ant (D:4)
  7 gnolls
  3 adders
  3 worms
  A dart slug (D:3)
  3 leopard geckos
  4 orcs
  4 giant cockroaches
  5 goblins
  7 hobgoblins
  A ball python (D:5)
  6 bats
  4 frilled lizards
  9 kobolds
  4 rats
68 creatures vanquished.

Vanquished Creatures (others)
  A bat (D:1)
  2 jackals (D:1)
3 creatures vanquished.

Grand Total: 71 creatures vanquished

Notes
Turn   | Place    | Note
-------+----------+-------------------------------------------
     0 | D:1      | lmSkywalker the Merfolk Transmuter began the quest for the
                  | Orb.
     0 | D:1      | Reached XP level 1. HP: 15/15 MP: 3/3
   378 | D:1      | Reached XP level 2. HP: 15/21 MP: 3/5
  1553 | D:1      | Upgraded the game from 0.26-a0-1139-g7d2dc893a1 to
                  | 0.26-a0-1147-g3780a7a11b
  1574 | D:2      | Reached XP level 3. HP: 24/27 MP: 6/6
  1595 | D:2      | You fall into a shaft and drop 1 floor!
  1716 | D:2      | Learned a level 2 spell: Wereblood
  1720 | D:2      | Learned a level 3 spell: Spider Form
  2127 | D:2      | Reached skill level 4 in Unarmed Combat
  2428 | D:2      | Noticed Natasha
  2436 | D:2      | Killed Natasha
  2437 | D:2      | Reached XP level 4. HP: 27/34 MP: 7/7
  3302 | D:3      | Reached XP level 5. HP: 32/40 MP: 8/8
  3941 | D:2      | Noticed Natasha
  3949 | D:2      | Killed Natasha
  3950 | D:2      | Reached skill level 1 in Stealth
  3950 | D:2      | Reached skill level 1 in Poison Magic
  4178 | D:2      | Noticed Natasha
  4192 | D:2      | Killed Natasha
  5477 | D:3      | Reached XP level 6. HP: 33/47 MP: 7/9
  5978 | D:4      | You fall into a shaft and drop 2 floors!
  5993 | D:5      | Entered Level 5 of the Dungeon
  6043 | D:5      | Reached skill level 5 in Unarmed Combat
  6189 | D:5      | HP: 2/47 [poisoned by an orc wizard]
  6193 | D:5      | Succumbed to an orc wizard's poison

Illustrated notes

Levels and vault maps discovered:
D:1:      dpeg_arrival_three_same_balls, layout_loops_cross, lemuel_flame_loot_1
D:2:      layout_basic, uniq_natasha
D:3:      layout_rooms, palyth_stone_intersect, nrook_loot_triangle,
          kennysheep_generic_room_13
D:4:      layout_basic, lemuel_round_altar, temple_green,
          hangedman_decor_points, serial_bayou_pond_d
D:5:      layout_rooms, minitemple, nicolae_gozag_zags_fifth_avenue, uniq_edmund
D:6:      layout_basic, basic_altar, nicolae_qazlal_eye_of_the_storm

Skill      XL: |  1  2  3  4  5  6 |
---------------+-------------------+-----
Transmutations | 3 4 |  4.1
Fighting       | 2 3 |  3.2
Unarmed Combat | 4 5 |  5.1
Dodging        | 3 4 |  4.3
Stealth        | 1 2 |  2.0
Poison Magic   | 1 2 |  2.4
Spellcasting   | |  2.0

Action                   |  1- 3 |  4- 6 || total
-------------------------+-------+-------++-------
Melee: Unarmed           |    96 |   121 ||   217
       Headbutt          |    12 |    20 ||    32
       Punch             |     1 |     2 ||     3
       Whip              |       |    38 ||    38
Throw: Stone             |     8 |    13 ||    21
       Dart              |     9 |    16 ||    25
 Cast: Beastly Appendage |    22 |    28 ||    50
       Wereblood         |       |     4 ||     4
  Use: Scroll            |       |     7 ||     7
       Potion            |       |     5 ||     5
 Stab: Sleeping          |     1 |       ||     1
Armor: Leather armour    |    15 |    47 ||    62
Dodge: Dodged            |    58 |   109 ||   167
Block: Other             |       |     9 ||     9

Table legend: (Time is in decaauts)
 A = Elapsed time spent in this place.
 B = Non-inter-level travel time spent in this place.
 C = Inter-level travel time spent in this place.
 D = Time resting spent in this place.
 E = Time spent auto-exploring this place.
 F = Levels seen in this place.
 G = Mean time per level.
                   A        B        C        D        E       F      G
               +--------+--------+--------+--------+--------+-----+--------+
         Total |   6187 |   5895 |    292 |   1366 |   2189 |   6 | 1031.2 |
       Dungeon |   6187 |   5895 |    292 |   1366 |   2189 |   6 | 1031.2 |
               +--------+--------+--------+--------+--------+-----+--------+

Top non-repeatable levels by time:
     D:2: 2408 daAuts
     D:1: 1848 daAuts
     D:3: 1522 daAuts
     D:5: 199 daAuts
     D:4: 193 daAuts
     D:6: 14 daAuts
